Map: Triton LE

Players

pHARM - Winner!

  • Race: Zerg Zerg
  • League: Platinum
  • Spawn Location: 5:00

NorseGoat

  • Race: Protoss Protoss
  • League: Platinum
  • Spawn Location: 11:00

VOD

Have the link to the VOD?

Description

Time

  • Played on: Sept. 7, 2019, 5:14 p.m.
  • Length: 14:25
Show
View Real Time Build Order
Export as new Build Order

pHARM Zerg - Winner!

Build Orders: Hatch First 

Get SALT Encoding   

  12  0:01  Drone  
  13  0:12  Overlord  
  13  0:33  Drone x3  
  16  0:52  Hatchery  
  15  0:58  Drone x2  
  17  1:07  Drone  
  18  1:23  Spawning Pool  
  17  1:26  Drone  
  17  1:30  Drone  
  19  1:49  Extractor  
  18  1:55  Drone x2  
  18  2:01  Drone  
  21  2:10  Queen x2  
  21  2:11  Drone  
  21  2:12  Drone  
  27  2:24  Drone  
  28  2:38  Overlord x2  
  28  2:56  Drone x5  
  33  3:00  Hatchery  
  33  3:02  Queen  
  34  3:11  Drone x3  
  37  3:19  Queen  
  37  3:22  Metabolic Boost  
  37  3:25  Overlord x2  
  39  3:47  Drone x7  
  46  3:50  Extractor  
  46  3:51  Extractor  
  46  3:53  Roach Warren  
  43  4:02  Evolution Chamber  
  43  4:07  Evolution Chamber, Drone x4  
  45  4:20  Drone x5  
  45  4:22  Lair  
  50  4:32  Pneumatized Carapace  
  50  4:44  Overlord  
  50  4:45  Overlord, Roach  
  52  4:46  Roach x4  
  60  4:57  Zerg Missile Weapons Level 1  
  60  5:05  Roach x2  
  64  5:07  Drone  
  64  5:08  Drone x7  
  72  5:26  Roach x3  
  72  5:27  Overlord, Roach x2  
  72  5:28  Overlord x3  
  82  5:52  Glial Reconstitution  
  82  5:57  Zerg Ground Armor Level 1  
  78  6:31  Drone x16  
  78  6:32  Drone x6  
  86  6:44  Drone x3  
  87  6:49  Extractor  
  87  6:50  Extractor  
  87  6:53  Spine Crawler  
  82  6:54  Spore Crawler  
  82  6:55  Spine Crawler  
  78  7:05  Extractor  
  77  7:09  Hydralisk Den  
  77  7:11  Infestation Pit, Drone x2  
  77  7:12  Drone, Hatchery  
  77  7:18  Zerg Missile Weapons Level 2  
  77  7:20  Roach x5  
  77  7:21  Roach x4  
  95  7:52  Zerg Ground Armor Level 2  
  95  7:54  Hatchery  
  95  7:56  Grooved Spines  
  96  8:20  Roach x10  
  109  8:29  Ravager x3  
  109  8:30  Ravager  
  109  8:32  Overseer  
  111  8:35  Spore Crawler  
  110  8:57  Hydralisk x2  
  114  9:07  Muscular Augments  
  114  9:13  Drone x6  
  114  9:14  Overlord  
  114  9:15  Overlord x12  
  120  9:48  Hive  
  120  9:57  Roach  
  120  9:58  Roach x17  
  156  10:00  Extractor  
  156  10:02  Extractor  
  154  10:21  Hydralisk  
  154  10:22  Hydralisk x8  
  154  10:26  Hydralisk  
  154  10:27  Hydralisk x8  
  147  11:29  Hydralisk  
  147  11:30  Hydralisk x21  
  147  11:31  Hydralisk  
  187  11:33  Overlord x3  
  169  11:50  Overseer x5  
  143  12:09  Spore Crawler  
  143  12:11  Spine Crawler  
  139  12:21  Roach x7  
  139  12:22  Roach x7, Hydralisk x4  
  167  12:28  Drone  
  167  12:29  Drone x11  
  187  12:53  Hatchery  
  178  13:14  Hydralisk x8  
  178  13:15  Hydralisk x3  
  186  14:05  Spire  
Show
View Real Time Build Order
Export as new Build Order

NorseGoat Protoss 

Build Orders: Phoenix Opening 

Get SALT Encoding   

  12  0:00  Probe  
  13  0:15  Probe  
  13  0:20  Pylon  
  14  0:28  Probe  
  15  0:39  Gateway, Probe  
  16  0:47  Probe  
  16  0:55  Probe  
  17  0:58  Assimilator  
  18  1:08  Gateway  
  18  1:13  Pylon, Probe  
  19  1:21  Probe  
  20  1:34  Zealot  
  22  1:49  Probe  
  23  1:55  Nexus  
  23  2:01  Probe  
  24  2:09  Cybernetics Core  
  24  2:16  Probe  
  25  2:24  Probe  
  25  2:27  Assimilator  
  26  2:32  Probe, Zealot  
  29  2:48  Pylon  
  29  2:49  Probe  
  30  3:02  Probe  
  31  3:06  Sentry, Stalker  
  31  3:08  Robotics Facility  
  31  3:11  Probe x2  
  35  3:13  Twilight Council  
  35  3:19  Probe x2  
  39  3:30  Probe  
  39  3:31  Probe  
  41  3:37  Assimilator  
  41  3:39  Assimilator  
  41  3:42  Probe  
  41  3:43  Probe  
  43  3:49  Charge  
  43  3:54  Probe  
  43  3:55  Probe, Phoenix  
  45  4:06  Probe  
  45  4:07  Probe  
  45  4:09  Pylon  
  47  4:14  Forge  
  47  4:18  Zealot x2  
  47  4:19  Probe x2  
  53  4:31  Probe x2  
  55  4:43  Probe  
  55  4:44  Probe  
  59  4:45  Zealot x2  
  59  4:46  Nexus  
  61  4:55  Probe  
  62  5:00  Gateway  
  62  5:01  Pylon  
  62  5:03  Warp Gate  
  62  5:10  Assimilator  
  62  5:11  Pylon  
  62  5:19  Stalker  
  62  5:20  Sentry  
  62  5:21  Pylon  
  66  5:22  Pylon  
  66  5:31  Blink, Assimilator  
  66  5:33  Pylon  
  66  5:38  Protoss Ground Weapons Level 1  
  66  5:41  Templar Archives  
  66  5:45  Probe x2  
  66  5:46  Zealot  
  72  5:50  Sentry  
  72  5:56  Dark Shrine  
  72  5:57  Probe  
  72  5:58  Probe  
  72  5:59  Probe  
  75  6:09  Probe  
  75  6:10  Probe  
  76  6:11  Probe  
  76  6:13  Zealot  
  76  6:15  Zealot  
  76  6:16  Zealot  
  68  6:34  Probe  
  68  6:35  Probe  
  66  6:40  Zealot  
  66  6:42  Zealot  
  66  6:43  Zealot  
  66  6:46  Probe x2  
  74  6:48  Gateway  
  74  6:49  Gateway  
  69  7:07  Pylon, Zealot  
  69  7:08  Probe  
  71  7:09  Zealot  
  71  7:10  High Templar  
  71  7:12  Probe x2  
  78  7:16  Pylon, Probe  
  78  7:19  Photon Cannon  
  79  7:23  Photon Cannon  
  79  7:24  Pylon, Probe x2  
  79  7:28  Robotics Facility  
  81  7:33  Stargate  
  81  7:34  Pylon, High Templar  
  81  7:35  Stargate  
  81  7:36  Zealot  
  85  7:38  Pylon  
  85  7:43  Dark Templar x2  
  89  7:47  Protoss Air Weapons Level 1, Probe  
  89  7:48  Probe x2  
  89  7:49  Zealot  
  94  7:59  Probe  
  94  8:00  Probe, Nexus  
  94  8:04  Pylon, Probe  
  97  8:12  Probe x2  
  99  8:13  Photon Cannon  
  99  8:15  Photon Cannon  
  99  8:18  Photon Cannon  
  99  8:19  Shield Battery  
  99  8:34  Assimilator  
  99  8:38  Assimilator  
  99  8:41  Pylon  
  99  8:43  Dark Templar x5  
  99  8:44  Pylon  
  105  8:58  Archon  
  105  8:59  Archon  
  105  9:12  Fleet Beacon  
  105  9:14  Void Ray x2  
  113  9:17  Probe x3  
  116  9:29  Probe x3  
  119  9:37  Stalker x5  
  129  9:41  Psionic Storm  
  129  9:46  Probe  
  129  9:49  Void Ray x2  
  130  9:56  Photon Cannon  
  138  10:01  Nexus  
  138  10:03  Gateway  
  138  10:06  Pylon  
  138  10:11  Zealot x3  
  138  10:12  Gateway, Zealot  
  146  10:15  Protoss Shields Level 1  
  146  10:29  Protoss Air Weapons Level 2  
  146  10:30  Carrier  
  146  10:33  Probe  
  146  10:34  Probe  
  153  10:51  Stalker, Dark Templar  
  153  10:52  Dark Templar x2, Stalker  
  153  10:57  Archon x2  
  163  11:04  Dark Templar  
  163  11:06  Carrier  
  113  11:31  Dark Templar x3  
  113  11:32  Stalker  
  97  11:39  Dark Templar  
  92  11:53  Zealot x2  
  84  12:09  Probe x3, Assimilator  
  84  12:11  Assimilator  
  87  12:18  Nexus  
  87  12:21  Pylon, Probe  
  88  12:24  Photon Cannon  
  88  12:25  Photon Cannon  
  88  12:27  Photon Cannon  
  88  12:28  Shield Battery  
  88  12:30  Pylon, Carrier, Tempest  
  88  12:33  Zealot x4  
  88  12:34  Zealot x2  
  111  12:44  Probe x3  
  114  13:00  Zealot x4, Stalker  
  114  13:01  Zealot  
  58  13:32  Zealot x5  
  68  13:35  Immortal  
  68  13:36  Tempest  
  66  13:59  Dark Templar x2  
  66  14:00  Zealot x3  
  58  14:18  Archon  
Tags
 
Add a new tag
Caveats
  • Supply blocks, unpowered buildings, or Contaminate may cause inaccurate times.
  • Supply counts are checked every 10 seconds.